 Seeded DCSS version 0.29.0 (webtiles) character file.

Game seed: 1 (custom seed)

499 Kazon the Slasher (level 6, -5/52 HPs)
             Began as a Demigod Fighter on Aug 24, 2022.
             Slain by an ogre
             ... wielding a +0 giant club
              (8 damage)
             ... on level 4 of the Dungeon.
             The game lasted 00:11:28 (2497 turns).

Kazon the Slasher (Demigod Fighter)                 Turns: 2497, Time: 00:11:28

Health: -5/52      AC: 11    Str: 21    XL:     6   Next: 62%
Magic:  8/8        EV:  9    Int: 10    God:
Gold:   83         SH:  6    Dex: 23    Spells: 5/5 levels left

rFire   . . .      SeeInvis .   s - +3 falchion of Winter {venom, rCorr}
rCold   . . .      Faith    .   c - +0 buckler
rNeg    + . .      Spirit   .   b - +0 scale mail
rPois   .          Reflect  .   q - +0 helmet
rElec   .          Harm     .   (no cloak)
rCorr   +          Rampage  .   (no gloves)
Will    .....                   o - +2 pair of boots
Stlth   +.........              k - amulet of regeneration
HPRegen 0.97/turn               g - ring of Terra Nullius {rN+ Dex+6}
MPRegen 0.11/turn               (no ring)

@: lethally poisoned (-5 -> -8)
A: high MP 1, forlorn, divine attributes
a: no special abilities


You were on level 4 of the Dungeon.
You visited 1 branch of the dungeon, and saw 4 of its levels.

You collected 267 gold pieces.
You spent 184 gold pieces at shops.

Inventory:

Hand Weapons
 a - a +0 long sword
 e - a +2 dagger of venom
 s - the +3 falchion of Winter (weapon) {venom, rCorr}
   (You bought it in a shop on level 3 of the Dungeon)

   It poisons the flesh of those it strikes.
   rCorr:     It protects you from acid and corrosion.
Missiles
 f - 13 stones (quivered)
 l - a throwing net
 t - 7 poisoned darts
Armour
 b - a +0 scale mail (worn)
 c - a +0 buckler (worn)
 o - a +2 pair of boots (worn)
 q - a +0 helmet (worn)
Jewellery
 g - the ring of Terra Nullius (left hand) {rN+ Dex+6}
   (You acquired it on level 3 of the Dungeon)

   [ring of dexterity]

   Dex:       It affects your dexterity (+6).
   rN:        It protects you from negative energy.
 k - an amulet of regeneration (around neck)
Wands
 y - a wand of mindburst (12)
Scrolls
 i - a scroll of identify
 n - a scroll of immolation {unknown}
 r - a scroll of fog {unknown}
 u - 2 scrolls of enchant weapon {unknown}
 w - a scroll of blinking {unknown}
 x - a scroll of vulnerability {unknown}
Potions
 d - a potion of might
 h - a potion of flight {unknown}
 j - a potion of attraction {unknown}
 m - a potion of haste {unknown}
 p - a potion of berserk rage {unknown}
 v - a potion of magic {unknown}
 z - a potion of ambrosia


   Skills:
 * Level 3.8 Fighting
 + Level 4.3 Long Blades
 + Level 1.4 Throwing
 + Level 4.0 Armour
 + Level 0.4 Dodging
 + Level 1.1 Stealth
 + Level 3.2 Shields
 * Level 1.2 Evocations


You had 5 spell levels left.
You didn't know any spells.
Your spell library contained the following spells:

 Spells                   Type           Power      Damage    Failure   Level
 Apportation              Tloc           0%         N/A       80%         1
 Necrotise                Necr           0%         1d4       80%         1
 Sting                    Tmut/Pois      0%         1d3       80%         1
 Summon Small Mammal      Summ           0%         N/A       80%         1
 Poisonous Vapours        Pois/Air       0%         N/A       90%         2
 Olgreb's Toxic Radiance  Pois           0%         N/A       100%        4


Dungeon Overview and Level Annotations

Branches:
Dungeon (4/15)
 Temple: D:4-7

Shops:
D:3 (


Innate Abilities, Weirdness & Mutations

You have an increased reservoir of magic. (+10% MP)
You shall have no god before yourself.
Your divine heritage dramatically boosts your attributes as you level up.


Message History

You hit the water moccasin.
The water moccasin is moderately wounded.
You feel very sick.
The water moccasin bites you but does no damage.
You barely miss the water moccasin.
The water moccasin is moderately wounded.
You feel very sick. You block the water moccasin's attack.
The water moccasin bites you.
You are more poisoned.
The water moccasin poisons you!
You hit the water moccasin.
The water moccasin is heavily wounded.
You feel extremely sick. The water moccasin bites you.
You barely miss the water moccasin.
The water moccasin is heavily wounded.
You feel very sick. The water moccasin bites you.
You are lethally poisoned!
The water moccasin poisons you! The water moccasin closely misses you.
You slash the water moccasin!
The water moccasin is poisoned.
The water moccasin is severely wounded.
You feel extremely sick.
The water moccasin bites you but does no damage. x2
You slash the water moccasin!
You kill the water moccasin!
* * * LOW HITPOINT WARNING * * *
You feel extremely sick.
Your Long Blades skill increases to level 4!
Your Armour skill increases to level 4!
Unknown command.
* * * LOW HITPOINT WARNING * * *
You feel very sick. The ogre attacks as you move away!
You block the ogre's attack.
* * * LOW HITPOINT WARNING * * *
You feel very sick.
* * * LOW HITPOINT WARNING * * *
You feel very sick. The ogre attacks as you move away!
The ogre hits you with a +0 giant club!
You die...

##.##.o ##.
.#..O.###.[.
##....###.....
#...###......#
#.###......#
#'#......# #......##
# ##.O....## #..#
###.@....## #..#
#.##......## #..#
#..##......## #..#
##..##......## #..#
#....##......## #..#
#.##..##.....†## #...
###....##......###...
#...##..##......##...
#.###...###......#>##


You could see an ogre.

Vanquished Creatures
  A water moccasin (D:4)
  An ogre (D:4)
  A howler monkey (D:4)
  A hound (D:4)
  An orc priest (D:4)
  An iguana (D:4)
  An orc wizard (D:4)
  Natasha (D:4)
  3 gnolls (D:2)
  2 adders (D:2)
  An ufetubus (D:4)
  2 worms
  3 dart slugs
  4 orcs
  7 endoplasms
  A giant cockroach (D:1)
  8 goblins
  10 hobgoblins
  7 jackals
  5 kobolds
  3 quokkas
  5 ball pythons
  2 bats
  4 frilled lizards
  5 rats
80 creatures vanquished.

Notes
Turn   | Place    | Note
-------+----------+-------------------------------------------
     0 | D:1      | Kazon the Demigod Fighter began the quest for the Orb.
     0 | D:1      | Reached XP level 1. HP: 18/18 MP: 3/3
   231 | D:1      | Reached XP level 2. HP: 24/25 MP: 4/4
   824 | D:3      | Found Umat's Antique Weapon Boutique.
   827 | D:3      | Identified a scroll of acquirement
   827 | D:3      | Acquired the ring of Terra Nullius {rN+ Dex+6}
  1017 | D:2      | Reached XP level 3. HP: 31/31 MP: 5/5
  1160 | D:2      | Reached XP level 4. HP: 36/38 MP: 6/6
  1538 | D:3      | Bought a crude falchion for 184 gold pieces
  1538 | D:3      | Identified the +3 falchion of Winter {venom, rCorr} (You
                  | bought it in a shop on level 3 of the Dungeon)
  2144 | D:4      | Noticed an ogre
  2151 | D:4      | Killed an ogre
  2152 | D:4      | Reached skill level 1 in Stealth
  2152 | D:4      | Reached XP level 5. HP: 25/45 MP: 7/7
  2170 | D:4      | Reached skill level 1 in Throwing
  2239 | D:4      | Noticed Natasha
  2247 | D:4      | Killed Natasha
  2248 | D:4      | Reached XP level 6. HP: 50/51 MP: 8/8
  2468 | D:4      | Reached skill level 1 in Evocations
  2482 | D:4      | Noticed a water moccasin
  2493 | D:4      | Killed a water moccasin
  2497 | D:4      | Slain by an ogre

Illustrated notes

Levels and vault maps discovered:
D:1:      dpeg_arrival_three_smaller_balls, layout_basic
D:2:      layout_loops_ring
D:3:      layout_basic, serial_shops, nicolae_shop_stone, st_stairs_7
D:4:      minmay_razor_zed, layout_basic, worldfamousw_hep_ancestral_shrine,
          uniq_eustachio, uniq_natasha

Skill      XL: |  1  2  3  4  5  6 |
---------------+-------------------+-----
Long Blades    | 2 3 4 |  4.3
Armour         | 3 4 |  4.0
Shields        | 3 |  3.2
Fighting       | 3 |  3.8
Stealth        | 1 |  1.1
Throwing       | 1 |  1.4
Evocations     | 1 |  1.2
Dodging        | |  0.4

Action                   |  1- 3 |  4- 6 || total
-------------------------+-------+-------++-------
Melee: Long sword        |    96 |    18 ||   114
       Falchion          |       |    97 ||    97
Throw: Stone             |     3 |     6 ||     9
       Dart              |       |     5 ||     5
  Use: Scroll            |     1 |     1 ||     2
Armor: Scale mail        |    36 |    51 ||    87
Dodge: Dodged            |    50 |    41 ||    91
Block: Buckler           |    19 |    28 ||    47
